 Dungeon Crawl Stone Soup version 0.17.1-2-g5865329 (webtiles) character file.

24321 Gargoyl the Cleaver (level 12, -11/98 HPs)
             Began as a Demonspawn Abyssal Knight on Feb 4, 2016.
             Was the Champion of Lugonu.
             Mangled by a large abomination (22 damage)
             ... on level 1 of the Abyss on Feb 5, 2016.
             The game lasted 00:43:16 (14033 turns).

Gargoyl the Cleaver (Demonspawn Abyssal Knight)    Turns: 14033, Time: 00:43:16

Health: -11/98     AC: 24    Str: 16    XL:     12   Next: 79%
Magic:  14/14      EV:  7    Int: 14    God:    Lugonu [******]
Gold:   79         SH:  6    Dex: 14    Spells: 0 memorised, 11 levels left

rFire  + + .     SeeInvis .     f - +4 war axe (freeze)
rCold  + . .     Rnd*Rage +     c - +1 plate armour {MR+}
rNeg   + + +     SustAt   .     A - +0 buckler
rPois  +         Gourm    .     j - -2 hat of the Alchemist {rElec rPois rF+ rC+ rN+ MR+ rMut rCorr}
rElec  +         Spirit   .     k - +0 cloak {MR+}
rCorr  +         Warding  .     r - +0 pair of gloves of Refuge {rN+ rCorr Dex+4}
rMut   +         Stasis   .     E - +1 pair of boots
MR     +++..                    (no amulet)
Stlth  ..........               x - +2 ring of slaying
                                J - ring of positive energy

@: extremely resistant to hostile enchantments, extremely unstealthy
A: claws 1, hooves 1, iridescent scales 2, berserk 1, blurry vision 1, clumsy 1,
fire resistance 1, mutation resistance 1, poison resistance, powered by death 2,
spiny 1, spit poison 1, weak 1, wild magic 1, no device heal 1
a: Spit Poison, Depart the Abyss, Bend Space, Banish, Corrupt, Enter the Abyss,
Brand Weapon With Distortion, Renounce Religion


You were on level 1 of the Abyss.
You worshipped Lugonu.
Lugonu was exalted by your worship.
You were not hungry.

You visited 3 branches of the dungeon, and saw 15 of its levels.
You visited the Abyss 2 times.

You collected 1947 gold pieces.
You spent 1868 gold pieces at shops.

Inventory:

Hand Weapons
 d - a +1 war axe of flaming
 f - a +4 war axe of freezing (weapon)
 m - a +0 blowgun
Missiles
 n - 20 poisoned needles
 v - 3 javelins of returning (quivered)
 z - 63 tomahawks
Armour
 c - a +1 plate armour of magic resistance (worn)
 j - the -2 hat of the Alchemist (worn) {rElec rPois rF+ rC+ rN+ MR+ rMut rCorr}
   (You acquired it on level 4 of the Orcish Mines)

   It protects you from fire.
   It protects you from cold.
   It insulates you from electricity.
   It protects you from poison.
   It protects you from negative energy.
   It affects your resistance to hostile enchantments.
   It protects you from acid and corrosion.
   It protects you from mutation.
 k - a +0 cloak of magic resistance (worn)
 r - the +0 pair of gloves of Refuge (worn) {rN+ rCorr Dex+4}
   (You bought it in a shop on level 9 of the Dungeon)

   It affects your dexterity (+4).
   It protects you from negative energy.
   It protects you from acid and corrosion.
 t - the +1 helmet of Amorality {rN+ Dex+7}
   (You took it off Robin on level 4 of the Dungeon)

   It affects your dexterity (+7).
   It protects you from negative energy.
 A - a +0 buckler (worn)
 E - a +1 pair of boots (worn)
Jewellery
 e - an uncursed ring of stealth
 g - an uncursed ring of ice
 x - a +2 ring of slaying (right hand)
 H - a +5 ring of intelligence
 J - a ring of positive energy (left hand)
Wands
 l - a wand of slowing (17)
 o - a wand of magic darts (17)
 p - a wand of fireball (15)
 q - a wand of confusion (9)
 w - a wand of disintegration (12)
 C - a wand of enslavement (11)
Scrolls
 b - 7 scrolls of identify
 h - 5 scrolls of remove curse
 s - a scroll of recharging
Potions
 B - a potion of magic
Books
 F - a Necronomicon

   Spells                             Type                      Level
   a - Haunt                          Necromancy/Summoning         7
   b - Borgnjor's Revivification      Necromancy                   8
   c - Death's Door                   Charms/Necromancy            8
   d - Necromutation                  Transmutation/Necromancy     8
Miscellaneous
 i - a plain deck of defence
Comestibles
 u - 4 meat rations


   Skills:
 + Level 10.5 Fighting
 + Level 11.7 Axes
 + Level 1.9 Throwing
 + Level 10.0 Armour
 + Level 5.2 Dodging
 + Level 1.7 Stealth
 + Level 6.9 Shields
 + Level 3.3 Invocations


You had 11 spell levels left.
You didn't know any spells.

Dungeon Overview and Level Annotations

Branches:
Dungeon (10/15)            Temple (0/1) D:4             Orc (4/4) D:10
    Elf (1/3) Orc:4
   Lair: D:8-11

Altars:
Cheibriados
Elyvilon
Kikubaaqudgha
Nemelex Xobeh
Ru
Sif Muna
Trog
Xom
Beogh

Shops:
D:5 [   D:9 [   D:10 :   Orc:4 *[[?


Innate Abilities, Weirdness & Mutations

You have sharp fingernails.
You are mostly covered in iridescent scales (AC +6).
You regenerate health from kills.
You are partially covered in sharp spines.
You have large cloven feet.
You tend to lose your temper in combat.
Scrolls take you a little longer to read.
You are clumsy. (Dex -2)
Your flesh is heat resistant.
You are somewhat resistant to further mutation.
Your system is resistant to poisons.
You can spit weak poison.
You are weak. (Str -2)
Your spells are a little harder to cast, but a little more powerful.
Potions and wands are less effective at restoring your health.


Message History

This branch contains the abyssal rune of Zot.
Found 20 sling bullets.
You start resting.
A large abomination comes into view.
You closely miss the large abomination.
The large abomination hits you but does no damage.
You hit the large abomination. You freeze the large abomination.
The large abomination is lightly damaged.
The large abomination hits you but does no damage.
You slash the large abomination! You freeze the large abomination.
The large abomination is moderately damaged.
You block the large abomination's attack.
You hit the large abomination but do no damage.
The large abomination is moderately damaged.
The large abomination hits you!
* * * LOW HITPOINT WARNING * * *
You slash the large abomination! You freeze the large abomination!
The large abomination is almost destroyed.
The large abomination hits you!!
You die...

. .. ... . ....
... .....
.....####......
.......@X......
.....####......
... ...(. #
.... ... '. #


You could see a large abomination.

Vanquished Creatures
  The ghost of TugoseryaHuesosov the Covert, a journeyman NaMo of Cheibriados (Orc:4)
  Erica (D:9)
  A deep elf knight (Elf:1)
  4 hill giants (D:10)
  Pikel (D:8)
  7 orc knights (Orc:4)
  2 deep elf conjurers (Elf:1)
  2 orc sorcerers
  Psyche (D:9)
  A komodo dragon (D:10)
  A kobold demonologist (D:10)
  A two-headed ogre (D:10)
  A deep elf priest (Elf:1)
  Prince Ribbit (D:5)
  A boulder beetle (Orc:4)
  Sigmund (D:3)
  6 deep elf magi
  A yak (D:9)
  2 hippogriffs (D:8)
  Eustachio (D:5)
  A wyvern (D:8)
  A steam dragon (D:10)
  5 deep elf fighters (Elf:1)
  Menkaure (D:4)
  A soldier ant (D:10)
  5 wargs
  3 sky beasts
  A black bear (D:8)
  9 ogres
  35 orc warriors
  3 slaves (D:8)
  An eye of draining (D:9)
  8 centaurs
  A big kobold (D:9)
  A brain worm (D:7)
  9 giant frogs
  A gnoll sergeant (D:10)
  3 scorpions
  A jelly (D:10)
  12 killer bees
  10 wights
  A crimson imp (D:5)
  3 giant frog skeletons
  7 hounds
  21 orc wizards
  12 orc priests
  2 iguanas
  9 worker ants
  A killer bee zombie (D:6)
  A hound skeleton (D:5)
  Robin (D:4)
  15 gnolls
  13 adders
  2 shadow imps
  3 worms
  4 giant geckos
  166 orcs
  5 giant cockroaches
  16 goblins
  8 hobgoblins
  8 jackals
  2 quokkas (D:7)
  2 ball pythons
  8 bats
  A giant gecko skeleton (D:9)
  5 giant newts
  A jackal skeleton (D:7)
  11 kobolds
  9 rats
486 creatures vanquished.

Vanquished Creatures (others)
  A deep elf knight (Elf:1)
  An orc knight (Orc:2)
  An orc warrior (Orc:4)
  A bush (D:5)
4 creatures vanquished.

Grand Total: 490 creatures vanquished

Notes
Turn   | Place    | Note
--------------------------------------------------------------
     0 | Abyss:1  | Gargoyl the Demonspawn Abyssal Knight began the quest for the Orb.
     0 | Abyss:1  | Reached XP level 1. HP: 18/18 MP: 2/2
    53 | Abyss:1  | Noticed a smoke demon
    54 | D:1      | Escaped the Abyss
   156 | D:1      | Reached * piety under Lugonu
   184 | D:1      | Reached skill level 1 in Dodging
   285 | D:1      | Gained mutation: You are partially covered in iridescent scales (AC +4). [demonic ancestry]
   285 | D:1      | Reached XP level 2. HP: 22/24 MP: 3/3
  1070 | D:2      | Found a white marble altar of Elyvilon.
  1082 | D:2      | Reached XP level 3. HP: 29/29 MP: 4/4
  2023 | D:2      | Gained mutation: You have sharp fingernails. [demonic ancestry]
  2023 | D:2      | Reached XP level 4. HP: 10/35 MP: 5/5
  2024 | D:2      | Reached ** piety under Lugonu
  3068 | D:2      | Reached XP level 5. HP: 22/42 MP: 6/6
  3427 | D:3      | Reached skill level 4 in Fighting
  3494 | D:3      | Noticed Sigmund
  3516 | D:3      | Killed Sigmund
  3516 | D:3      | Gained mutation: You regenerate a little health from kills. [demonic ancestry]
  3516 | D:3      | Reached XP level 6. HP: 30/48 MP: 7/7
  4051 | D:4      | Found a staircase to the Ecumenical Temple.
  4199 | D:4      | Noticed Robin
  4229 | D:4      | Killed Robin
  4233 | D:4      | Got a shimmering helmet
  4239 | D:4      | Identified the +1 helmet of Amorality {rN+ Dex+7} (You took it off Robin on level 4 of the Dungeon)
  4288 | D:4      | Noticed Menkaure
  4303 | D:4      | Killed Menkaure
  4303 | D:4      | Gained mutation: You are mostly covered in iridescent scales (AC +6). [demonic ancestry]
  4303 | D:4      | Reached XP level 7. HP: 28/55 MP: 8/8
  4308 | D:4      | Reached *** piety under Lugonu
  4710 | D:5      | Entered Level 5 of the Dungeon
  4710 | D:5      | Noticed Eustachio
  4748 | D:5      | Killed Eustachio
  4748 | D:5      | Reached skill level 5 in Armour
  5058 | D:5      | Reached skill level 5 in Fighting
  5087 | D:5      | Gained mutation: You regenerate health from kills. [demonic ancestry]
  5087 | D:5      | Reached XP level 8. HP: 60/62 MP: 9/9
  5205 | D:5      | Found Vorhacoe's Antique Armour Shoppe.
  5208 | D:5      | Bought a pair of glowing boots for 108 gold pieces
  5258 | D:5      | Found a bloodstained altar of Trog.
  5292 | D:5      | Found a snail-covered altar of Cheibriados.
  5302 | D:5      | Noticed Prince Ribbit
  5327 | D:5      | Killed Prince Ribbit
  5327 | D:5      | Reached skill level 1 in Shields
  5750 | D:6      | Reached skill level 1 in Stealth
  5755 | D:6      | Reached skill level 5 in Axes
  5755 | D:6      | Reached skill level 6 in Armour
  6272 | D:7      | Found a sacrificial altar of Ru.
  6308 | D:7      | Reached **** piety under Lugonu
  6437 | D:7      | Reached XP level 9. HP: 66/69 MP: 10/10
  6536 | D:7      | Gained mutation: Your system is resistant to poisons. [mutagenic meat]
  6537 | D:7      | Gained mutation: You are clumsy. (Dex -2) [mutagenic meat]
  6538 | D:7      | Gained mutation: You can spit weak poison. [mutagenic meat]
  6539 | D:7      | Gained mutation: You are weak. (Str -2) [mutagenic meat]
  7189 | D:8      | Reached skill level 7 in Armour
  7253 | D:8      | Noticed Pikel
  7312 | D:8      | Killed Pikel
  7464 | D:8      | Gained mutation: You are partially covered in sharp spines. [demonic ancestry]
  7464 | D:8      | Reached XP level 10. HP: 79/79 MP: 11/11
  7516 | D:8      | Found a sparkling altar of Nemelex Xobeh.
  7519 | D:8      | Reached ***** piety under Lugonu
  7629 | D:8      | Found a shimmering altar of Xom.
  7629 | D:8      | Found a shimmering altar of Xom.
  8034 | D:9      | Noticed Erica
  8059 | D:9      | Killed Erica
  8059 | D:9      | Reached skill level 1 in Throwing
  8147 | D:9      | Noticed Psyche
  8155 | D:9      | Killed Psyche
  8155 | D:9      | Reached skill level 8 in Axes
  8276 | D:9      | Found an ancient bone altar of Kikubaaqudgha.
  8328 | D:9      | Gained mutation: Your flesh is heat resistant. [mutagenic meat]
  8329 | D:9      | Gained mutation: Your spells are a little harder to cast, but a little more powerful. [mutagenic meat]
  8330 | D:9      | Gained mutation: You have large cloven feet. [mutagenic meat]
  8331 | D:9      | Gained mutation: Potions and wands are less effective at restoring your health. [mutagenic meat]
  8332 | D:9      | Gained mutation: You are somewhat resistant to further mutation. [mutagenic meat]
  8438 | D:9      | Found Zeabroa's Armour Shoppe.
  8462 | D:9      | Bought the cursed +0 pair of gloves of Refuge {rN+ rCorr Dex+4} for 400 gold pieces
  8708 | D:10     | Entered Level 10 of the Dungeon
  8808 | D:10     | Found Tesiobek's Book Shop.
  8850 | D:10     | Noticed a hill giant
  8855 | D:10     | Noticed a hill giant
  8864 | D:10     | Killed a hill giant
  8864 | D:10     | Reached skill level 5 in Shields
  8870 | D:10     | Killed a hill giant
  8870 | D:10     | Reached XP level 11. HP: 72/86 MP: 12/12
  8878 | D:10     | Reached skill level 9 in Axes
  8889 | D:10     | Found a staircase to the Orcish Mines.
  8933 | D:10     | Noticed a hill giant
  8946 | D:10     | Killed a hill giant
  8956 | D:10     | Gained mutation: You tend to lose your temper in combat. [mutagenic meat]
  8959 | D:10     | Gained mutation: Scrolls take you a little longer to read. [mutagenic meat]
  9564 | D:10     | Noticed a hill giant
  9577 | D:10     | Killed a hill giant
  9724 | Orc:1    | Entered Level 1 of the Orcish Mines
  9840 | Orc:1    | Reached ****** piety under Lugonu
 10473 | Orc:2    | Reached skill level 5 in Dodging
 11509 | Orc:4    | Entered Level 4 of the Orcish Mines
 12067 | Orc:4    | Reached skill level 10 in Axes
 12334 | Orc:4    | Reached XP level 12. HP: 52/96 MP: 14/14
 12422 | Orc:4    | Noticed TugoseryaHuesosov's ghost (journeyman NaMo)
 12453 | Orc:4    | Found a roughly hewn altar of Beogh.
 12571 | Orc:4    | Killed TugoseryaHuesosov's ghost
 12627 | Orc:4    | Found a staircase to the Elven Halls.
 12949 | Orc:4    | Found Axzopn's General Store.
 12949 | Orc:4    | Found Eshres's Antique Armour Boutique.
 13083 | Orc:4    | Found Oreocucet's Antique Armour Shoppe.
 13093 | Orc:4    | Reached skill level 11 in Axes
 13115 | Orc:4    | Bought a runed plate armour for 529 gold pieces
 13122 | Orc:4    | Found Liseuhaf's Magic Scroll Boutique.
 13146 | Orc:4    | Reached skill level 10 in Fighting
 13388 | Orc:4    | Bought a scroll of acquirement for 728 gold pieces
 13401 | Orc:4    | Bought a runed cloak for 103 gold pieces
 13452 | Elf:1    | Entered Level 1 of the Elven Halls
 13611 | Elf:1    | Found a deep blue altar of Sif Muna.
 13929 | Elf:1    | Reached skill level 10 in Armour
 14003 | Elf:1    | Cast into the Abyss (deep elf knight)
 14033 | Abyss:1  | Mangled by a large abomination

Action                   |  1- 3 |  4- 6 |  7- 9 | 10-12 || total
-------------------------+-------+-------+-------+-------++-------
Melee: Hand axe          |   186 |   258 |    91 |       ||   535
       War axe           |       |       |   352 |   834 ||  1186
Throw: Javelin           |       |     2 |     6 |    26 ||    34
Invok: Depart the Abyss  |     1 |       |       |       ||     1
       Banish            |       |       |       |     7 ||     7
       Bend Space        |       |       |       |     1 ||     1
Evoke: Wand              |       |       |       |     2 ||     2
  Use: Potion            |       |     3 |     5 |     8 ||    16
       Scroll            |       |       |       |    26 ||    26
 Stab: Paralysed         |       |       |     1 |       ||     1
  Eat: Chunk             |     4 |     7 |     5 |    22 ||    38
       Fruit             |       |     3 |       |       ||     3
       Beef jerky        |       |       |     2 |     1 ||     3
       Bread ration      |       |       |     2 |     2 ||     4
       Meat ration       |       |       |       |     1 ||     1
